 Dungeon Crawl Stone Soup version 0.23-a0-435-g79ed067 (webtiles) character file.

319 Amnesiac the Covert (level 6, -1/28 HPs)
             Began as a Spriggan Enchanter on Nov 15, 2018.
             Slain by a scorpion (3 damage)
             ... on level 8 of the Dungeon.
             The game lasted 00:05:25 (1528 turns).

Amnesiac the Covert (Spriggan Enchanter)            Turns: 1528, Time: 00:05:25

Health: -1/28      AC:  2    Str:  9    XL:     6   Next: 21%
Magic:  2/13       EV: 18    Int: 20    God:
Gold:   20         SH:  0    Dex: 17    Spells: 1/13 levels left

rFire    . . .     SeeInvis +   a - +1 dagger
rCold    . . .     Gourm    .   (shield restricted)
rNeg     . . .     Faith    .   b - +0 robe
rPois    .         Spirit   .   (helmet restricted)
rElec    .         Reflect  .   (no cloak)
rCorr    .         Harm     .   (gloves unavailable)
MR       +....                  (boots unavailable)
Stlth    ++++......             (no amulet)
HPRegen  0.09/turn              (no ring)
MPRegen  0.13/turn              (no ring)

@: mighty, lethally poisoned (-1 -> -5), very slightly contaminated, very quick
A: very small, unfitting armour, see invisible, clever 1, herbivore, speed 3,
slow metabolism 2
a: no special abilities


You were on level 8 of the Dungeon.
You were not hungry.

You visited 1 branch of the dungeon, and saw 9 of its levels.

You collected 80 gold pieces.
You spent 60 gold pieces at shops.

Inventory:

Hand Weapons
 a - a +1 dagger (weapon)
Armour
 b - a +0 robe (worn)
Wands
 g - a wand of flame (17)
 l - a wand of polymorph (7)
Scrolls
 e - a scroll of fog {!r}
 f - a scroll of remove curse {!r}
 h - a scroll of fear {!r, unknown}
 k - a scroll of brand weapon {!r, unknown}
Potions
 i - 2 potions of invisibility {!q}
Comestibles
 d - 2 rations


   Skills:
 - Level 2.3 Short Blades
 - Level 3.0 Dodging
 + Level 8.8 Stealth
 + Level 4.0 Spellcasting
 + Level 4.6 Hexes


You had one spell level left.
You knew the following spells:

 Your Spells              Type           Power        Failure   Level  Hunger
a - Ensorcelled Hibernat  Hex/Ice        ##....       8%          2    #......
b - Corona                Hex            ###....      1%          1    None
d - Dazzling Spray        Conj/Hex       ##....       14%         3    ###....
e - Confuse               Hex            ###.....     5%          3    ###....
w - Tukima's Dance        Hex            ###.....     5%          3    ###....

Your spell library contained the following spells:

 Spells                   Type           Power        Failure   Level  Hunger
 Confusing Touch          Hex            ###...       1%          1    None
 Gell's Gravitas          Tloc           #.........   36%         3    ###....
 Petrify                  Tmut/Erth      #.......     77%         4    ####...
 Metabolic Englaciation   Hex/Ice        ##........   80%         5    ######.
 Yara's Violent Unravell  Hex/Tmut       ##........   80%         5    ######.


Dungeon Overview and Level Annotations

Branches:
Dungeon (9/15)
 Temple: D:4-7         Lair: D:8-11         Orc: D:9-12

Altars:
Kikubaaqudgha
Wu Jian

Shops:
D:5 *


Innate Abilities, Weirdness & Mutations

You are very small and have problems with some larger weapons.
You are too small for most types of armour.
You have supernaturally acute eyesight. (SInv)
You are a herbivore.
You cover ground extremely quickly.
You need to consume almost no food.
Your mind is acute. (Int +2)


Message History

The scorpion resists with some effort.
Unknown command.
Casting: Confuse (safe; 6% risk of failure)
Confirm with . or Enter, or press ? or * to list all spells.
Aiming: Ensorcelled Hibernation (safe; 9% risk of failure)
Press: ? - help, Shift-Dir - straight line, f/p - scorpion
Aim: a scorpion (chance to defeat MR: 43%)
The scorpion resists with some effort.
The scorpion completely misses you.
Unknown command.
Casting: Ensorcelled Hibernation (safe; 9% risk of failure)
Confirm with . or Enter, or press ? or * to list all spells.
Aiming: Ensorcelled Hibernation (safe; 9% risk of failure)
Press: ? - help, Shift-Dir - straight line, f/p - scorpion
Aim: a scorpion (chance to defeat MR: 43%)
The scorpion resists with some effort.
The scorpion stings you.
You are poisoned.
The scorpion poisons you!
Unknown command.
Casting: Ensorcelled Hibernation (safe; 9% risk of failure)
Confirm with . or Enter, or press ? or * to list all spells.
Aiming: Ensorcelled Hibernation (safe; 9% risk of failure)
Press: ? - help, Shift-Dir - straight line, f/p - scorpion
Aim: a scorpion (chance to defeat MR: 43%)
The scorpion resists with some effort.
You feel sick. The scorpion misses you.
Unknown command.
Casting: Ensorcelled Hibernation (safe; 9% risk of failure)
Confirm with . or Enter, or press ? or * to list all spells.
Aiming: Ensorcelled Hibernation (safe; 9% risk of failure)
Press: ? - help, Shift-Dir - straight line, f/p - scorpion
Aim: a scorpion (chance to defeat MR: 43%)
The scorpion resists with some effort.
You feel sick. The scorpion closely misses you.
Unknown command.
Casting: Ensorcelled Hibernation (safe; 9% risk of failure)
Confirm with . or Enter, or press ? or * to list all spells.
Aiming: Ensorcelled Hibernation (safe; 9% risk of failure)
Press: ? - help, Shift-Dir - straight line, f/p - scorpion
Aim: a scorpion (chance to defeat MR: 43%)
You miscast Ensorcelled Hibernation.
You are very lightly contaminated with residual magic.
You feel uncomfortably cold.
You feel sick. The scorpion completely misses you.
Unknown command.
Casting: Ensorcelled Hibernation (safe; 9% risk of failure)
Confirm with . or Enter, or press ? or * to list all spells.
You don't have enough magic to cast that spell.
Unknown command.
You feel sick.
You feel sick.
You feel sick.
You feel sick.
Really quaff
c - a metallic blue potion {!q}?
It was a potion of might {!q}.
You feel very mighty all of a sudden.
You feel sick.
You barely miss the scorpion. The scorpion closely misses you.
You hit the scorpion.
The scorpion is moderately wounded.
You feel sick. The scorpion stings you.
* * * LOW HITPOINT WARNING * * *
Really quaff
j - a bubbling ruby potion {!q}?
It was a potion of mutation {!q}.
You feel extremely strange.
You feel clever. The scorpion stings you.
You die...

#(.....#.
###########(.....##
#..#..#.#..#'######
#.......'.....#..#.
#.......#.....#..#.
#.......#.....#..#.
#.......#.....#..#.
#.s.....#.....'..#.
#.@#..#.##.########
############


You could see a scorpion.

Vanquished Creatures
  An ogre (D:7)
  A bullfrog (D:6)
  A scorpion (D:6)
  A howler monkey (D:8)
  A jelly (D:8)
  A worker ant (D:6)
  2 leopard geckos
  A hobgoblin (D:3)
  2 quokkas
  A kobold (D:3)
  A leopard gecko zombie (D:8)
  A quokka zombie (D:5)
14 creatures vanquished.

Vanquished Creatures (collateral kills)
  A wight (D:6)
1 creature vanquished.

Grand Total: 15 creatures vanquished

Notes
Turn   | Place    | Note
-------+----------+-------------------------------------------
     0 | D:1      | Amnesiac the Spriggan Enchanter began the quest for the
                  | Orb.
     0 | D:1      | Reached XP level 1. HP: 9/9 MP: 5/5
   328 | D:4      | You fall through a shaft for 3 floors!
   361 | D:7      | Noticed an ogre
   425 | D:7      | Killed an ogre
   425 | D:7      | Reached skill level 5 in Stealth
   425 | D:7      | Reached XP level 2. HP: 13/13 MP: 2/7
   425 | D:7      | Reached XP level 3. HP: 16/16 MP: 2/9
   425 | D:7      | Reached XP level 4. HP: 21/21 MP: 2/10
   430 | D:7      | Learned a level 3 spell: Confuse
   434 | D:7      | Learned a level 3 spell: Tukima's Dance
   438 | D:7      | Learned a level 3 spell: Dazzling Spray
   514 | D:6      | Reached skill level 6 in Stealth
   585 | D:6      | Reached skill level 7 in Stealth
   585 | D:6      | Reached XP level 5. HP: 18/24 MP: 0/11
   779 | D:6      | Reached skill level 8 in Stealth
   796 | D:7      | Noticed a centaur
   797 | D:7      | Noticed a crocodile
   841 | D:5      | Entered Level 5 of the Dungeon
   849 | D:5      | Found Ashuzxac's Assorted Antiques.
   877 | D:5      | Bought an inky potion for 28 gold pieces
   877 | D:5      | Bought a scroll labeled XIUREFE YLEA for 32 gold pieces
  1015 | D:6      | Found an ornate altar of the Wu Jian Council.
  1023 | D:6      | You fall through a shaft for 3 floors!
  1024 | D:9      | Noticed an orc warrior
  1129 | D:8      | Reached XP level 6. HP: 28/28 MP: 12/12
  1133 | D:8      | Learned a level 2 spell: Ensorcelled Hibernation
  1162 | D:8      | Found an ancient bone altar of Kikubaaqudgha.
  1528 | D:8      | Gained mutation: Your mind is acute. (Int +2) [potion of
                  | mutation]
  1528 | D:8      | Slain by a scorpion

Vault maps used:
D:1:      matt_arrival_refuge, fountainhead
D:2:      uniq_natasha
D:3:      first_ration, yredelemnul_altar_generic, uniq_ijyb, uniq_jessica
D:4:      lemuel_coloured_pillars_altar, serial_shops, kennysheep_little_box,
          nicolae_shop_stone, shop_fountains
D:5:      lemuel_crystal_altar, serial_shops,
          nicolae_shop_competitors_out_of_business, nicolae_shop_behind_doors,
          shop, minmay_stone_trees_medium, grunt_ministairs_9,
          dk_rats_in_the_wall
D:6:      overflow_temple_1_default, serial_shops, kennysheep_mini,
          kennysheep_donut, grunt_decor_cap, hangedman_decor_lopped,
          makhleb_heckhound_becter
D:7:      kennysheep_mini_moat, lemuel_doored_altar, temple_doors_cd,
          grunt_ogre_cave
D:8:      nicolae_overflow_crystal_walls
D:9:      lemuel_crystal_altar, nicolae_overflow_hidden_temple,
          old_standard_altar, serial_shops, shop

Skill      XL: |  1  2  3  4  5  6 |
---------------+-------------------+-----
Short Blades   | 2 |  2.3
Stealth        | 5 7 8 |  8.8
Spellcasting   | 3 4 |  4.0
Hexes          | 4 |  4.6
Dodging        | |  3.0

Action                   |  1- 3 |  4- 6 || total
-------------------------+-------+-------++-------
Melee: Dagger            |    22 |    43 ||    65
 Cast: Corona            |     8 |     6 ||    14
       Tukima's Dance    |       |     6 ||     6
       Confuse           |       |     9 ||     9
       Ensorcelled Hiber |       |     6 ||     6
Evoke: Wand              |     7 |     1 ||     8
  Use: Potion            |       |     3 ||     3
       Scroll            |       |     2 ||     2
 Stab: Sleeping          |       |     8 ||     8
       Confused          |       |     2 ||     2
Dodge: Dodged            |    18 |    38 ||    56

Table legend:
 A = Non-vault XP
 B = Vault XP
 C = Vault XP percentage of total XP
 D = Non-vault monster count
 E = Vault monster count
 F = Vault count percentage of total count
                 A         B        C        D         E       F
            +---------+---------+-------+---------+---------+-------
      Total |     456 |       1 |   0.2 |      14 |       1 |   6.7
            +---------+---------+-------+---------+---------+-------
        D:3 |       3 |       0 |   0.0 |       2 |       0 |   0.0
        D:5 |       2 |       1 |  33.3 |       1 |       1 |  50.0
        D:6 |     232 |       0 |   0.0 |       5 |       0 |   0.0
        D:7 |     116 |       0 |   0.0 |       1 |       0 |   0.0
        D:8 |     103 |       0 |   0.0 |       5 |       0 |   0.0
            +---------+---------+-------+---------+---------+-------
